 Dungeon Crawl Stone Soup version 0.31-a0-232-gb1c03b2570 (webtiles) character file.

Game seed: 15749297357507294627

10 qw the Shooter (level 2, -1/16 HPs)
             Began as a Gargoyle Hexslinger on July 6, 2023.
             Slain by a gnoll
             ... wielding a +0 club
              (4 damage)
             ... on level 1 of the Dungeon.
             The game lasted 00:00:10 (798 turns).

qw the Shooter (Gargoyle Hexslinger)                 Turns: 798, Time: 00:00:11

Health: -1/16      AC:  7    Str: 11    XL:     2   Next: 20%
Magic:  3/3        EV: 10    Int: 13    God:
Gold:   33         SH:  0    Dex: 12    Spells: 2/3 levels left

rFire   . . .        Y - +1 sling
rCold   . . .        (no shield)
rNeg    + . .        g - +0 ring mail
rPois   inf          (no helmet)
rElec   +            (no cloak)
rCorr   .            (no gloves)
SInv    .            (no boots)
Will    .....        (no amulet)
Stlth   +            (no ring)
HPRegen 0.22/turn    (no ring)
MPRegen 0.08/turn

%: no passive effects
@: no status effects
A: sickness immunity, AC +2, negative energy resistance 1, electricity
resistance, torment resistance 1, petrification resistance
a: no special abilities


You were on level 1 of the Dungeon.
You visited 1 branch of the dungeon, and saw 2 of its levels.

You collected 33 gold pieces.


Innate Abilities, Weirdness & Mutations

You are immune to sickness and miasma.
Your stone body is resilient. (AC +2)
You are immune to poison.
You resist negative energy. (rN+)
You are resistant to electric shocks. (rElec)
You are resistant to unholy torment.
You are immune to petrification.


   Skills:
 - Level 1.1 Fighting
 + Level 2.8 Ranged Weapons
 - Level 1.5 Dodging
 - Level 1.0 Spellcasting
 - Level 2.6 Hexes


You had 2 spell levels left.
You knew the following spells:

 Your Spells              Type           Power      Damage    Failure   Level
a - Slow                  Hex            28%        N/A       22%         1

Your spell library contained the following spells:

 Spells                   Type           Power      Damage    Failure   Level
 Inner Flame              Hex/Fire       4%         N/A       75%         3
 Portal Projectile        Hex/Tloc       8%         N/A       75%         3
 Cause Fear               Hex            3%         N/A       92%         4

Inventory:

Hand Weapons
 Y - a +1 sling (weapon)
Armour
 g - a +0 ring mail (worn)

Dungeon Overview and Level Annotations

Branches:
Dungeon (2/15)

Altars:


Message History

There is a stone staircase leading down here.
You climb downwards.
The gnoll shouts! x2; You hear a shout!
Found 11 gold pieces and a ring mail.
Found a stone staircase leading down.
There is a stone staircase leading up here.
There are monsters nearby!
Waypoint 1 assigned to D:2.
You shoot a sling bullet.
The sling bullet hits the gnoll but does no damage.
A bat comes into view.
A gnoll comes into view. It is wielding a +0 spear.
You shoot a sling bullet.
The sling bullet hits the gnoll but does no damage.
You shoot a sling bullet. The sling bullet hits the bat!
You kill the bat!
A gnoll comes into view. It is wielding a +0 halberd.
You shoot a sling bullet.
The sling bullet closely misses the gnoll.
The gnoll shouts!
The sling bullet hits the gnoll but does no damage.
You shoot a sling bullet. The sling bullet hits the gnoll.
The gnoll is moderately wounded.
The gnoll barely misses you. The gnoll hits you with a +0 club.
The gnoll misses you.
794 ||| STAIRDANCE The gnoll hits you with a +0 club.
The gnoll hits you from afar with a +0 spear.
You climb upwards.
There is a stone staircase leading down here.
Enter note:
Enter note: You shoot a sling bullet.
The sling bullet closely misses the gnoll.
The gnoll hits you with a +0 club.
You shoot a sling bullet. The sling bullet hits the gnoll.
The gnoll is severely wounded.
The gnoll hits you with a +0 club. The gnoll hits you but does no damage.
You shoot a sling bullet.
The sling bullet closely misses the gnoll.
The gnoll hits you with a +0 club.
You die...

~~#~~~#~~~## ##.¤¤#~~~#~~
~~#~~~#~~~# #.¤¤#~~~#~~
~~#~~~#~~~# #~¤¤#~~~#~¤
~~#~~~#~~~# #¤.¤#~~~#~~
..#...#...# #...#...#..
..#...#...#### ####...#...#..
=##)..#...##.#######.##...#...##'
.###..#...#...#...#...#...#..###.
.?.#'##...#...#(@.#...#...##'#...
......##'###'##..g##'###'##......
##...........###'###...........##
#####.....................#####
######.....<.....######
#############


You could see a gnoll.

Vanquished Creatures
  4 bats
  An endoplasm (D:1)
  A hobgoblin (D:1)
  A ball python (D:1)
  2 kobolds (D:1)
  A rat (D:1)
10 creatures vanquished.

Notes
Turn   | Place    | Note
-------+----------+-------------------------------------------
     0 | D:1      | qw the Gargoyle Hexslinger began the quest for the Orb.
     0 | D:1      | Reached XP level 1. HP: 12/12 MP: 2/2
     0 | D:1      | 0 ||| qw: Version: 0.3-a-46-gb1f654a
     0 | D:1      | 0 ||| qw: Game counter: 2012
     0 | D:1      | 0 ||| qw: Melee chars always use a shield: true
     0 | D:1      | 0 ||| qw: God list: Okawaru
     0 | D:1      | 0 ||| qw: Allow faded altars: false
     0 | D:1      | 0 ||| qw: Do Orc after clearing Dungeon:15 true
     0 | D:1      | 0 ||| qw: Do second Lair branch before Depths: true
     0 | D:1      | 0 ||| qw: Lair rune preference: random
     0 | D:1      | 0 ||| qw: Goals: Normal
     0 | D:1      | 0 ||| PLANNING D:1-11
   350 | D:1      | Reached XP level 2. HP: 16/16 MP: 3/3
   647 | D:1      | 647 ||| UPGRADING to +0 ring mail.
   657 | D:1      | 657 ||| DROPPING +0 robe.
   658 | D:1      | 658 ||| DROPPING +6 ring of intelligence.
   659 | D:1      | 659 ||| READING 2 scrolls labelled SOMOICO DOACAYN.
   660 | D:1      | 660 ||| READING scroll labelled ZUM OPSITTU.
   661 | D:1      | 661 ||| READING scroll labelled YGUILUHO JOTHRA.
   662 | D:1      | 662 ||| READING scroll labelled UGUDUM WALA.
   763 | D:1      | 763 ||| READING scroll labelled ICIDE RUSK.
   768 | D:1      | 768 ||| DROPPING scroll of fog.
   769 | D:1      | 769 ||| DROPPING scroll of poison.
   794 | D:2      | 794 ||| STAIRDANCE
   797 | D:1      | HP: 3/16 [gnoll/+0 club (2)]
   798 | D:1      | Slain by a gnoll

Levels and vault maps discovered:
D:1:      dpeg_arrival_water_fire, layout_basic, minivault_19
D:2:      cheibrodos_helix_gallery, layout_basic,
          shapermc_ecumenical_altar_pompeii, serial_shops, shop, shop_fountains,
          kennysheep_generic_room_14, uniq_crazy_yiuf_cottage

Action                     || total
---------------------------++-------
   Fire: Sling             ||    25
    Use: Scroll            ||     5
 Armour: Robe              ||     4
         Ring mail         ||     1
  Dodge: Dodged            ||     6

Table legend:
 A = Non-vault XP
 B = Vault XP
 C = Vault XP percentage of total XP
 D = Non-vault monster count
 E = Vault monster count
 F = Vault count percentage of total count
                 A         B        C        D         E       F
            +---------+---------+-------+---------+---------+-------
      Total |      15 |       0 |   0.0 |      10 |       0 |   0.0
            +---------+---------+-------+---------+---------+-------
        D:1 |      14 |       0 |   0.0 |       9 |       0 |   0.0
        D:2 |       1 |       0 |   0.0 |       1 |       0 |   0.0
            +---------+---------+-------+---------+---------+-------
